 Dungeon Crawl Stone Soup version 0.29.0-4-gdea44cf6ec (webtiles) character file.

Game seed: 14759256488935459315

1204 qw the Cleaver (level 8, -3/49 HPs)
             Began as a Gargoyle Berserker on Sept 9, 2022.
             Was a Priest of Trog.
             Slain by Maggie
             ... wielding a +1 glaive of draining
              (6 damage)
             ... on level 6 of the Dungeon.
             The game lasted 00:02:07 (5936 turns).

qw the Cleaver (Gargoyle Berserker)                 Turns: 5936, Time: 00:02:07

Health: -3/49      AC: 18    Str: 22    XL:     8   Next: 45%
Magic:  8/8        EV:  6    Int:  9    God:    Trog [***...]
Gold:   225        SH:  0    Dex:  9    Spells: 7/7 levels left

rFire   . . .      SeeInvis .   Y - +0 war axe
rCold   . . .      Faith    .   (no shield)
rNeg    + . .      Spirit   .   b - +0 plate armour
rPois   inf        Reflect  .   (no helmet)
rElec   +          Harm     .   (no cloak)
rCorr   .          Rampage  .   f - +0 pair of gloves
Will    .....                   (no boots)
Stlth   ..........              (no amulet)
HPRegen 0.16/turn               h - +4 ring of slaying {mikee}
MPRegen 0.11/turn               (no ring)

@: mesmerised
A: sickness immunity, AC +5, negative energy resistance 1, electricity
resistance, torment resistance 1, petrification resistance
a: Renounce Religion, Berserk, Trog's Hand


You were on level 6 of the Dungeon.
You worshipped Trog.
Trog was most pleased with you.
You visited 1 branch of the dungeon, and saw 6 of its levels.

You collected 225 gold pieces.


Innate Abilities, Weirdness & Mutations

You are immune to sickness and miasma.
Your stone body is resilient. (AC +5)
You are immune to poison.
You resist negative energy. (rN+)
You are resistant to electric shocks. (rElec)
You are resistant to unholy torment.
You are immune to petrification.


   Skills:
 + Level 5.0 Fighting
 - Level 8.2 Axes
 - Level 1.0 Throwing
 - Level 4.0 Armour
 - Level 1.5 Dodging


You had 7 spell levels left.
You didn't know any spells.
Your spell library was empty.

Inventory:

Hand Weapons
 g - a +0 morningstar
 Y - a +0 war axe (weapon)
Missiles
 j - 8 boomerangs (quivered)
Armour
 b - a +0 plate armour (worn)
 f - a +0 pair of gloves (worn)
Jewellery
 h - a +4 ring of slaying (left hand) {mikee}
Scrolls
 a - 2 scrolls of identify
Potions
 c - a potion of haste
 d - a potion of curing
 k - a potion of degeneration {unknown}
 l - 2 potions of might

Dungeon Overview and Level Annotations

Branches:
Dungeon (6/15)             Temple (0/1) D:5

Altars:
Ashenzari
Uskayaw

Shops:
D:1 !

Annotations:
D:4 1 runed translucent door, qw's ghost, novice MiBe
D:6 Maggie


Message History

Maggie is moderately wounded.
Maggie says, "How do the people who live here stand the isolation?"
Maggie barely misses you.
You barely miss Maggie.
Maggie is moderately wounded.
Maggie casts a spell.
Maggie attempts to bespell you!
You are mesmerised by Maggie!
You closely miss Maggie.
Maggie is moderately wounded.
Maggie gestures at you while chanting. The bolt of fire hits you.
Maggie hits you but does no damage.
You slash Maggie! You punch Maggie.
Maggie is heavily wounded.
Maggie mumbles some strange words.
Maggie draws you further into her thrall.
You completely miss Maggie.
Maggie is heavily wounded.
Maggie hits you with a +1 glaive of draining!
You slash Maggie!
Maggie is severely wounded.
Maggie hits you with a +1 glaive of draining!
5933 ||| DRINKING potion of heal wounds.
You feel much better.
Maggie hits you with a +1 glaive of draining.
You barely miss Maggie.
Maggie is severely wounded.
Maggie shouts, "Leave me alone!"
Maggie casts a spell.
Maggie draws you further into her thrall.
You slash Maggie!
Maggie is almost dead.
Maggie gestures at you while chanting. The bolt of fire hits you!!
Ouch! That really hurt!
You barely miss Maggie.
Maggie is almost dead.
Maggie practices a pose.
Maggie hits you with a +1 glaive of draining.
You die...

#..............
........
........#..#..#
..#.....
#######.##..<..
........ #.######.
........## #.# ##
#........# #.#### #
.......#.# #.%..# #
#.....## #....####
#...@..######....)...
#..@##...............
#... #######.........
#... ##........ #...
#........ #...
#........ ####
#........ #####....
#####


You could see Maggie (mesmerising).

Vanquished Creatures
  Menkaure (D:4)
  A water moccasin (D:6)
  An ogre (D:5)
  A necrophage (D:4)
  3 scorpions
  A howler monkey (D:4)
  A gnoll bouda (D:6)
  2 orc priests
  2 hounds (D:5)
  3 iguanas (D:5)
  3 orc wizards
  Terence (D:2)
  4 gnolls (D:6)
  14 adders
  A white imp (D:5)
  An ufetubus (D:5)
  3 worms
  6 dart slugs
  19 orcs
  5 bats
  10 endoplasms
  5 giant cockroaches
  6 goblins
  9 hobgoblins
  A ball python (D:4)
  3 frilled lizards
  5 kobolds
  6 rats
  A spectral hobgoblin (D:2)
119 creatures vanquished.

Vanquished Creatures (others)
  2 plants (D:4)
2 creatures vanquished.

Grand Total: 121 creatures vanquished

Notes
Turn   | Place    | Note
-------+----------+-------------------------------------------
     0 | D:1      | qw the Gargoyle Berserker began the quest for the Orb.
     0 | D:1      | Reached XP level 1. HP: 14/14 MP: 1/1
     0 | D:1      | 0 ||| qw: Version: 0.1-a-112-g44dc6cd
     0 | D:1      | 0 ||| qw: Game counter: 6883
     0 | D:1      | 0 ||| qw: Always use a shield: true
     0 | D:1      | 0 ||| qw: Do Orc after D:15 true
     0 | D:1      | 0 ||| qw: Do second Lair branch before Depths: true
     0 | D:1      | 0 ||| qw: Lair rune preference: random
     0 | D:1      | 0 ||| qw: Plans: Normal
     0 | D:1      | 0 ||| PLANNING D:1-11
    69 | D:1      | 69 ||| Stepping ~*~*~tactically~*~*~ (hiding).
   171 | D:1      | 171 ||| Stepping ~*~*~tactically~*~*~ (hiding).
   273 | D:1      | 273 ||| Stepping ~*~*~tactically~*~*~ (hiding).
   274 | D:1      | 274 ||| Stepping ~*~*~tactically~*~*~ (hiding).
   285 | D:1      | Reached skill level 3 in Axes
   329 | D:1      | Found Xyrauf's Distillery.
   339 | D:1      | Reached XP level 2. HP: 18/19 MP: 2/2
   423 | D:1      | 423 ||| INVOKING Berserk.
   605 | D:1      | 605 ||| SHOPLISTING potion of curing (42 gold, have 12).
   605 | D:1      | 605 ||| SHOPLISTING potion of experience (700 gold, have
                  | 12).
   605 | D:1      | 605 ||| SHOPLISTING potion of heal wounds (70 gold, have
                  | 12).
   605 | D:1      | 605 ||| SHOPLISTING potion of might (56 gold, have 12).
   605 | D:1      | 605 ||| SHOPLISTING potion of resistance (140 gold, have
                  | 12).
   771 | D:1      | 771 ||| Stepping ~*~*~tactically~*~*~ (stealth).
   772 | D:1      | 772 ||| Stepping ~*~*~tactically~*~*~ (stealth).
   779 | D:1      | 779 ||| Stepping ~*~*~tactically~*~*~ (stealth).
   782 | D:1      | 782 ||| Stepping ~*~*~tactically~*~*~ (stealth).
   784 | D:1      | 784 ||| Stepping ~*~*~tactically~*~*~ (hiding).
  1258 | D:1      | Reached XP level 3. HP: 22/23 MP: 3/3
  1686 | D:1      | 1686 ||| READING 4 scrolls labelled EVVEAD ISYUTIF.
  1687 | D:1      | 1687 ||| READING scroll labelled LUUSOD DOUPEGA.
  1688 | D:1      | 1688 ||| READING scroll labelled NEYSEV XA JEE.
  1689 | D:1      | 1689 ||| READING 3 scrolls of identify.
  1689 | D:1      | 1689 ||| IDENTIFYING sapphire potion
  1690 | D:1      | 1690 ||| READING 2 scrolls of identify.
  1690 | D:1      | 1690 ||| IDENTIFYING black potion
  1691 | D:1      | 1691 ||| DROPPING potion of flight.
  1704 | D:2      | 1704 ||| STAIRDANCE
  1711 | D:1      | Reached skill level 4 in Axes
  1848 | D:2      | 1848 ||| STAIRDANCE
  1897 | D:2      | 1897 ||| Stepping ~*~*~tactically~*~*~ (stealth).
  1898 | D:2      | 1898 ||| Stepping ~*~*~tactically~*~*~ (stealth).
  1899 | D:2      | 1899 ||| Stepping ~*~*~tactically~*~*~ (stealth).
  1900 | D:2      | 1900 ||| Stepping ~*~*~tactically~*~*~ (stealth).
  1954 | D:2      | Found a faded altar of an unknown god.
  1955 | D:2      | 1955 ||| Stepping ~*~*~tactically~*~*~ (stealth).
  1957 | D:2      | 1957 ||| Stepping ~*~*~tactically~*~*~ (stealth).
  1999 | D:2      | Reached XP level 4. HP: 28/28 MP: 4/4
  2148 | D:2      | 2148 ||| READING scroll of enchant weapon.
  2148 | D:2      | 2148 ||| ENCHANTING +1 hand axe.
  2243 | D:2      | 2243 ||| Stepping ~*~*~tactically~*~*~ (stealth).
  2246 | D:2      | Noticed Terence
  2252 | D:2      | 2252 ||| INVOKING Berserk.
  2255 | D:2      | Killed Terence
  2585 | D:2      | 2585 ||| UPGRADING to +0 scale mail.
  2595 | D:2      | 2595 ||| DROPPING +0 animal skin.
  2596 | D:2      | 2596 ||| READING scroll labelled QOUNI BIPSUPS.
  2597 | D:2      | 2597 ||| READING scroll labelled KOIJAQ DESUP.
  2694 | D:3      | Reached ** piety under Trog
  2695 | D:3      | Reached skill level 5 in Axes
  2736 | D:3      | Reached XP level 5. HP: 32/32 MP: 5/5
  2925 | D:3      | Found a broken altar of Ashenzari.
  3000 | D:3      | 3000 ||| Stepping ~*~*~tactically~*~*~ (stealth).
  3001 | D:3      | 3001 ||| Stepping ~*~*~tactically~*~*~ (stealth).
  3250 | D:3      | 3250 ||| DROPPING +0 club.
  3390 | D:3      | 3390 ||| READING scroll labelled ICLEUH KOSA.
  3391 | D:3      | 3391 ||| READING scroll labelled SUCEBLUOLU.
  3492 | D:3      | 3492 ||| READING scroll labelled OCEIRE UGOAMN.
  3493 | D:3      | 3493 ||| DRINKING 2 puce potions.
  3494 | D:3      | 3494 ||| READING 4 scrolls of identify.
  3494 | D:3      | 3494 ||| IDENTIFYING silvery potion
  3495 | D:3      | 3495 ||| READING 3 scrolls of identify.
  3495 | D:3      | 3495 ||| IDENTIFYING ruby potion
  3496 | D:3      | 3496 ||| READING 2 scrolls of identify.
  3496 | D:3      | 3496 ||| IDENTIFYING yellow potion
  3497 | D:3      | 3497 ||| DROPPING potion of attraction.
  3498 | D:3      | 3498 ||| DROPPING potion of brilliance.
  3535 | D:4      | 3535 ||| STAIRDANCE
  3553 | D:4      | Noticed Menkaure
  3554 | D:4      | 3554 ||| Stepping ~*~*~tactically~*~*~ (stealth).
  3555 | D:4      | 3555 ||| Stepping ~*~*~tactically~*~*~ (stealth).
  3560 | D:4      | 3560 ||| Stepping ~*~*~tactically~*~*~ (stealth).
  3563 | D:4      | 3563 ||| Stepping ~*~*~tactically~*~*~ (stealth).
  3566 | D:4      | 3566 ||| Stepping ~*~*~tactically~*~*~ (hiding).
  3567 | D:4      | 3567 ||| Stepping ~*~*~tactically~*~*~ (hiding).
  3568 | D:4      | 3568 ||| Stepping ~*~*~tactically~*~*~ (hiding).
  3578 | D:4      | 3578 ||| INVOKING Berserk.
  3581 | D:4      | Killed Menkaure
  3582 | D:4      | Reached skill level 6 in Axes
  3582 | D:4      | Reached XP level 6. HP: 38/38 MP: 6/6
  3602 | D:4      | 3602 ||| FLEEEEING.
  3603 | D:4      | 3603 ||| FLEEEEING.
  3604 | D:4      | 3604 ||| STAIRDANCE
  4029 | D:4      | Found a runed translucent door.
  4029 | D:4      | Noticed qw's ghost (novice MiBe)
  4029 | D:4      | Noticed an orc warrior
  4376 | D:4      | 4376 ||| SWAPPING to +0 war axe.
  4388 | D:4      | Reached XP level 7. HP: 43/43 MP: 7/7
  4388 | D:4      | 4388 ||| DROPPING +2 hand axe.
  4431 | D:4      | Found a hide-covered altar of Uskayaw.
  4496 | D:4      | 4496 ||| UPGRADING to +0 plate armour.
  4506 | D:4      | 4506 ||| DROPPING +0 scale mail.
  4507 | D:4      | 4507 ||| UPGRADING to +4 ring of slaying {mikee}.
  4508 | D:4      | 4508 ||| READING scroll labelled XIJUPR ZATUBUCW.
  4552 | D:5      | Entered Level 5 of the Dungeon
  4553 | D:5      | 4553 ||| STAIRDANCE
  4558 | D:4      | Reached skill level 3 in Armour
  4573 | D:5      | 4573 ||| INVOKING Berserk.
  4576 | D:5      | Reached skill level 7 in Axes
  4586 | D:5      | 4586 ||| STAIRDANCE
  4925 | D:5      | 4925 ||| INVOKING Berserk.
  5066 | D:5      | Reached *** piety under Trog
  5071 | D:5      | Reached XP level 8. HP: 49/49 MP: 8/8
  5085 | D:5      | 5085 ||| Stepping ~*~*~tactically~*~*~ (stealth).
  5087 | D:5      | 5087 ||| Stepping ~*~*~tactically~*~*~ (hiding).
  5097 | D:5      | 5097 ||| Stepping ~*~*~tactically~*~*~ (stealth).
  5113 | D:5      | 5113 ||| Stepping ~*~*~tactically~*~*~ (stealth).
  5141 | D:5      | 5141 ||| DROPPING +0 whip.
  5155 | D:5      | Found a staircase to the Ecumenical Temple.
  5507 | D:5      | 5507 ||| UPGRADING to +0 pair of gloves.
  5512 | D:5      | 5512 ||| READING scroll labelled EFIHUE KYRRO.
  5513 | D:5      | 5513 ||| READING 2 scrolls of identify.
  5513 | D:5      | 5513 ||| IDENTIFYING blue potion
  5514 | D:5      | 5514 ||| DROPPING potion of ambrosia.
  5555 | D:6      | 5555 ||| INVOKING Berserk.
  5560 | D:6      | Reached skill level 1 in Throwing
  5648 | D:6      | 5648 ||| Stepping ~*~*~tactically~*~*~ (stealth).
  5658 | D:6      | 5658 ||| DROPPING +2 mace of protection.
  5668 | D:6      | 5668 ||| Stepping ~*~*~tactically~*~*~ (hiding).
  5670 | D:6      | 5670 ||| INVOKING Berserk.
  5790 | D:6      | 5790 ||| DROPPING +0 flail.
  5887 | D:6      | Reached skill level 8 in Axes
  5920 | D:6      | Noticed Maggie
  5932 | D:6      | HP: 12/49 [Maggie/+1 glaive of draining (9)]
  5933 | D:6      | 5933 ||| DRINKING potion of heal wounds.
  5935 | D:6      | HP: 3/49 [Maggie/bolt of fire (31)]
  5936 | D:6      | Slain by Maggie

Levels and vault maps discovered:
D:1:      lemuel_arrival_funnel, layout_basic, serial_shops, shop
D:2:      layout_rooms, dreamdust_ecumenical_altar_drowned_temple,
          hangedman_decor_peaks_small, uniq_terence
D:3:      layout_basic, marbit_many_paths
D:4:      layout_basic, mainiacjoe_overflow_tiny_flanked,
          ebering_ghost_inner_flame, guppyfry_early_lair_pool, uniq_menkaure
D:5:      layout_loops_ring, minmay_temple_entry_fiery
D:6:      layout_rooms, amcnicky_altar_gilded, minmay_misc_feat_iff, uniq_maggie

Skill      XL: |  1  2  3  4  5  6  7  8 |
---------------+-------------------------+-----
Axes           | 3 4 5 6 7 8 |  8.2
Fighting       | 4 5 |  5.0
Armour         | 4 |  4.0
Throwing       | 1 |  1.0
Dodging        | |  1.5

Action                   |  1- 3 |  4- 6 |  7- 9 || total
-------------------------+-------+-------+-------++-------
Melee: Hand axe          |   108 |   167 |       ||   275
       Punch             |     1 |       |     2 ||     3
       War axe           |       |     2 |   110 ||   112
Throw: Boomerang         |       |       |    10 ||    10
Invok: Berserk           |     1 |     2 |     4 ||     7
  Use: Scroll            |     5 |     9 |     3 ||    17
       Potion            |       |     1 |     1 ||     2
Armor: Animal skin       |    37 |     1 |       ||    38
       Scale mail        |       |    60 |       ||    60
       Plate armour      |       |       |    55 ||    55
       Skin              |       |       |    12 ||    12
Dodge: Dodged            |    57 |    84 |    30 ||   171

Table legend:
 A = Non-vault XP
 B = Vault XP
 C = Vault XP percentage of total XP
 D = Non-vault monster count
 E = Vault monster count
 F = Vault count percentage of total count
                 A         B        C        D         E       F
            +---------+---------+-------+---------+---------+-------
      Total |    1463 |     258 |  15.0 |     112 |       7 |   5.9
            +---------+---------+-------+---------+---------+-------
        D:1 |      59 |       0 |   0.0 |      23 |       0 |   0.0
        D:2 |      57 |      33 |  36.7 |      12 |       2 |  14.3
        D:3 |      63 |      13 |  17.1 |      20 |       1 |   4.8
        D:4 |     275 |     212 |  43.5 |      19 |       4 |  17.4
        D:5 |     665 |       0 |   0.0 |      22 |       0 |   0.0
        D:6 |     344 |       0 |   0.0 |      16 |       0 |   0.0
            +---------+---------+-------+---------+---------+-------
